 Seeded DCSS version 0.30.0-29-ga12c61a403 (webtiles) character file.

Game seed: 7229806256980976716 (custom seed)

25 OTABOTABOTAB the Shooter (level 3, 28/28 HPs)
             Began as a Human Hunter on June 25, 2023.
             Quit the game on level 1 of the Dungeon.
             The game lasted 00:01:19 (713 turns).

OTABOTABOTAB the Shooter (Human Hunter)              Turns: 713, Time: 00:01:20

Health: 28/28      AC:  3    Str: 11    XL:     3   Next: 17%
Magic:  3/3        EV: 12    Int:  9    God:
Gold:   2161       SH:  0    Dex: 18    Spells: 2/2 levels left

rFire   . . .        a - +0 shortbow
rCold   . . .        (shield currently unavailable)
rNeg    . . .        c - +0 leather armour
rPois   .            (no helmet)
rElec   .            (no cloak)
rCorr   .            (no gloves)
SInv    .            (no boots)
Will    .....        (no amulet)
Stlth   ++           (no ring)
HPRegen 0.24/turn    (no ring)
MPRegen 0.08/turn

%: no passive effects
@: studying Ranged Weapons
A: no striking features
a: no special abilities


You were on level 1 of the Dungeon.
You visited 1 branch of the dungeon, and saw 1 of its levels.

You collected 2161 gold pieces.

Inventory:

Hand Weapons
 a - a +0 shortbow (weapon)
Missiles
 i - a throwing net {!d}
 s - 21 stones
Armour
 c - a +0 leather armour (worn)
Scrolls
 b - 2 scrolls of amnesia {unknown}
 e - a scroll of teleportation {unknown}
 g - a scroll of blinking {unknown}
 h - 2 scrolls of identify {unknown}
 j - a scroll of enchant armour {unknown}
 K - a scroll of immolation {!r}
Potions
 f - a potion of mutation {unknown}
 k - a potion of might {unknown}


   Skills:
 + Level 2.3 Fighting
 + Level 4.2 Ranged Weapons
 + Level 2.4 Dodging
 + Level 1.7 Stealth


You had 2 spell levels left.
You didn't know any spells.
Your spell library was empty.

Dungeon Overview and Level Annotations

Branches:
Dungeon (1/15)

Altars:


Message History

You shoot an arrow. The arrow barely misses the jackal.
A hobgoblin comes into view.
You shoot an arrow. The arrow hits the jackal.
The jackal bites you. The jackal misses you.
You take 1 damage, and have 21/22 hp.
You shoot an arrow. The arrow misses the jackal.
The arrow barely misses the quokka.
The arrow closely misses the hobgoblin.
The quokka twitches its whiskers.
The jackal closely misses you.
The jackal bites you but does no damage.
Health restored: 22 You shoot an arrow.
The arrow closely misses the jackal.
The arrow barely misses the quokka.
The arrow hits the hobgoblin.
You kill the hobgoblin!
The jackal misses you. The jackal bites you.
You take 3 damage, and have 19/22 hp.
You shoot an arrow. The arrow closely misses the jackal.
The arrow hits the quokka.
The jackal bites you but does no damage.
You shoot an arrow. The arrow hits the jackal.
The jackal barely misses you. x2
You shoot an arrow. The arrow closely misses the jackal.
The arrow hits the quokka.
The jackal closely misses you. The jackal misses you.
You shoot an arrow. The arrow closely misses the jackal.
The arrow hits the quokka.
You kill the quokka!
The jackal closely misses you. The jackal barely misses you.
Unknown command.
You shoot an arrow. The arrow hits the jackal!
You kill the jackal!
You have reached level 3!
Your experience leads to an increase in your attributes!
Increase (s)trength, (i)ntelligence, or (d)exterity?
You feel agile. x2
You regained 5 hp, and now have 25/27 hp.
MP restored: 3 You see here a jackal corpse.
You now have 35 gold pieces (gained 5).
You see here a jackal corpse.
A rat comes into view.
Health restored: 27 You shoot an arrow.
The arrow hits the rat but does no damage.
You shoot an arrow. The arrow closely misses the rat.
You shoot an arrow. The arrow hits the rat.
You kill the rat!
Health restored: 28 You shoot an arrow.
The arrow closely misses the bat.
The bat hits you but does no damage. The bat completely misses you.
You shoot an arrow. The arrow hits the bat!
You kill the bat!
No target in view!
No target in view!
No target in view!
You see here a jackal corpse.
A giant cockroach comes into view.
You shoot an arrow. The arrow hits the giant cockroach.
You kill the giant cockroach!
No target in view!
No target in view!
No target in view!
Found a stone staircase leading down.
No target in view!
No target in view!
A ball python comes into view.
You shoot an arrow. The arrow hits the ball python.
You shoot an arrow. The arrow hits the ball python.
You kill the ball python!
No target in view!
No target in view!
There is a stone staircase leading down here.
j - a scroll labelled DOJANAYNAA No target in view!
No target in view!
You see here a +0 dagger.
You see here a bat skeleton.
You see here a bat corpse.
s - 21 stones (gained 7)
h - 2 scrolls labelled ISYPAI JAGUE (gained 1)
k - a metallic silvery potion You now have 40 gold pieces (gained 5).
You now have 50 gold pieces (gained 10).
Done exploring.
Done exploring.
Unknown command.
Done exploring.
Done exploring.
Done exploring.
Done exploring.
This is a scroll of acquirement!
You see here a manual of Ranged Weapons.
Something appears at your feet!
You pick up a manual of Ranged Weapons and begin studying.
Something appears at your feet! Something appears at your feet!
You now have 2161 gold pieces (gained 2111).
Done exploring.
Done exploring.
Done exploring.
Okay, then.

#########.###.##############
#.........#................#
#.#######.#.#..........[.#.#
#.# #....#.#########.#.# #.#
####.#.##.# #.#.### #.#
#.........# #.#....
####.####.##.#.#### ###.#.###
........#.##.#.##### #.......#
#######.........@..# #.#.....#
# #.#..#######.# #.#...... #
#.#..# #.# ##.#.....# # #....#
#.#####......... # #.##.#
#......###..รท### # #.##.#
#.#.##..#.#.## # #######.##.#
#.#.##.#.##.# #
........##.#######.#.##.#.##>#
#
###.#.####.....>...#.#....##.#
#


There were no monsters in sight!

Vanquished Creatures
  2 giant cockroaches (D:1)
  A goblin (D:1)
  2 hobgoblins (D:1)
  6 jackals (D:1)
  2 quokkas (D:1)
  2 ball pythons (D:1)
  3 bats (D:1)
  A frilled lizard (D:1)
  A rat (D:1)
20 creatures vanquished.

Notes
Turn   | Place    | Note
-------+----------+-------------------------------------------
     0 | D:1      | OTABOTABOTAB the Human Hunter began the quest for the Orb.
     0 | D:1      | Reached XP level 1. HP: 16/16 MP: 1/1
   101 | D:1      | Reached XP level 2. HP: 21/22 MP: 2/2
   436 | D:1      | Reached XP level 3. HP: 25/27 MP: 3/3
   708 | D:1      | Identified 3 scrolls of acquirement
   708 | D:1      | Acquired a manual of Ranged Weapons
   710 | D:1      | Acquired 1032 gold pieces
   711 | D:1      | Acquired 1079 gold pieces
   713 | D:1      | Quit the game

Illustrated notes

Levels and vault maps discovered:
D:1:      spicycebolla_arrival_ecumenical, layout_loops_ring

Action                     || total
---------------------------++-------
   Fire: Shortbow          ||    46
    Use: Scroll            ||     3
 Armour: Leather armour    ||     5
  Dodge: Dodged            ||    16

Levels and vault maps discovered:
D:1:      spicycebolla_arrival_ecumenical, layout_loops_ring

Table legend: (Time is in decaauts)
 A = Elapsed time spent in this place.
 B = Non-inter-level travel time spent in this place.
 C = Inter-level travel time spent in this place.
 D = Time resting spent in this place.
 E = Time spent auto-exploring this place.
 F = Levels seen in this place.
 G = Mean time per level.
                   A        B        C        D        E       F      G
               +--------+--------+--------+--------+--------+-----+--------+
         Total |    729 |    729 |      0 |      0 |    640 |   1 |  729.0 |
       Dungeon |    729 |    729 |      0 |      0 |    640 |   1 |  729.0 |
               +--------+--------+--------+--------+--------+-----+--------+

Top non-repeatable levels by time:
     D:1: 729 daAuts

Table legend:
 A = Kills in this place as a percentage of kills in the entire game.
 B = Kills by you in this place as a percentage of kills by you in the entire game.
 C = Kills by friends in this place as a percentage of kills by friends in the entire game.
 D = Other kills in this place as a percentage of other kills in the entire game.
 E = Experience gained in this place as a percentage of experience gained in the entire game.
 F = Experience gained in this place divided by the number of levels of this place that you have seen.
                   A       B       C       D       E      F
               +-------+-------+-------+-------+-------+----------------------
         Total | 100.0 | 100.0 |   N/A |   N/A | 100.0 |  36.0
       Dungeon | 100.0 | 100.0 |   N/A |   N/A | 100.0 |  36.0
               +-------+-------+-------+-------+-------+----------------------
